| TOP OF THE 1ST |
|
University of Minnesota Golden Gophers batting - Pitching for University of Conneticut Huskies : RHP Hyun-kyoo Kim
|
|
Pitching: RHP Hyun-kyoo Kim
|
|
|
Batting: RHB Tatsuyoshi Ikeda
|
0-0: Called Strike 0-1: Ball 1-1: SINGLE (Line Drive, 78S, EV 106.9 MPH)
|
|
Batting: LHB Jose Moncada
|
0-0: Ball 1-0: Foul Ball, location: 2F 1-1: SINGLE (Groundball, 56S, EV 71.9 MPH) (infield hit) Tatsuyoshi Ikeda to second
|
|
Batting: RHB Tommy Molinaro
|
0-0: Called Strike 0-1: Ball 1-1: Ball 2-1: TRIPLE (Flyball, 9LD, EV 100.0 MPH) Tatsuyoshi Ikeda scores Jose Moncada scores
|
|
Batting: RHB Chang-wei Go
|
0-0: Called Strike 0-1: Called Strike 0-2: Ball 1-2: Ball 2-2: Ball 3-2: Strikes out looking
|
|
Batting: RHB Ron Gooch
|
0-0: Called Strike 0-1: Called Strike 0-2: SINGLE (Line Drive, 9S, EV 91.9 MPH) Tommy Molinaro scores
|
|
Batting: SHB Chris Rodgers
|
0-0: Called Strike 0-1: Called Strike 0-2: Strikes out looking
|
|
Batting: LHB Constant Consalvi
|
0-0: Ground out 4-3 (Groundball, 4S, EV 69.4 MPH)
|
| Top of the 1st over - 3 runs, 4 hits, 0 errors, 1 left on base; University of Minnesota 3 - University of Conneticut 0 |
| BOTTOM OF THE 1ST |
|
University of Conneticut Huskies batting - Pitching for University of Minnesota Golden Gophers : RHP Danny Colon
|
|
Pitching: RHP Danny Colon
|
|
|
Batting: RHB Jordan Nicholas
|
0-0: Ball 1-0: Ball 2-0: Ball 3-0: Called Strike 3-1: Fly out, F8 (Flyball, 78S, EV 85.0 MPH)
|
|
Batting: RHB Victor Ramos
|
0-0: Ball 1-0: Called Strike 1-1: Foul Ball, location: 2F 1-2: Ball 2-2: Fly out, F8 (Flyball, 8RM, EV 93.8 MPH)
|
|
Batting: LHB Greg James
|
0-0: Ground out 4-3 (Groundball, 4S, EV 88.8 MPH)
|
| Bottom of the 1st over - 0 runs, 0 hits, 0 errors, 0 left on base; University of Minnesota 3 - University of Conneticut 0 |
| TOP OF THE 2ND |
|
University of Minnesota Golden Gophers batting - Pitching for University of Conneticut Huskies : RHP Hyun-kyoo Kim
|
|
Batting: RHB Jonathan Wallace
|
0-0: Ball 1-0: SINGLE (Groundball, 4MS, EV 96.9 MPH)
|
|
Batting: RHB Toshio Saiki
|
0-0: Called Strike 0-1: Ball 1-1: Ball 2-1: Fly out, F8 (Line Drive, 8RS, EV 91.2 MPH)
|
|
Batting: RHB Tatsuyoshi Ikeda
|
0-0: Called Strike 0-1: Foul Ball, location: 2F 0-2: Strikes out swinging
|
|
Batting: LHB Jose Moncada
|
0-0: Ball 1-0: Called Strike 1-1: Ball 2-1: Foul Ball, location: 2F 2-2: Ball Jonathan Wallace is caught stealing 2nd base 2-6
|
| Top of the 2nd over - 0 runs, 1 hit, 0 errors, 0 left on base; University of Minnesota 3 - University of Conneticut 0 |
| BOTTOM OF THE 2ND |
|
University of Conneticut Huskies batting - Pitching for University of Minnesota Golden Gophers : RHP Danny Colon
|
|
Batting: RHB Jai De san miguel
|
0-0: Called Strike 0-1: Ball 1-1: Ball 2-1: Fly out, F8 (Line Drive, 8RM, EV 90.6 MPH)
|
|
Batting: RHB Roku Kawano
|
0-0: Ball 1-0: Ground out 4-3 (Groundball, 34, EV 80.0 MPH)
|
|
Batting: LHB Jonathan Sica
|
0-0: Ball 1-0: Foul Ball, location: 2F 1-1: Ball 2-1: Ball 3-1: Ground out 2-3 (Groundball, 2L, EV 66.2 MPH)
|
| Bottom of the 2nd over - 0 runs, 0 hits, 0 errors, 0 left on base; University of Minnesota 3 - University of Conneticut 0 |
| TOP OF THE 3RD |
|
University of Minnesota Golden Gophers batting - Pitching for University of Conneticut Huskies : RHP Hyun-kyoo Kim
|
|
Batting: LHB Jose Moncada
|
0-0: SINGLE (Groundball, 4D, EV 96.9 MPH)
|
|
Batting: RHB Tommy Molinaro
|
0-0: Called Strike 0-1: Called Strike 0-2: Foul Ball, location: 2F 0-2: Ball 1-2: SINGLE (Groundball, 34D, EV 98.8 MPH) Jose Moncada to second
|
|
Batting: RHB Chang-wei Go
|
0-0: Ball 1-0: Called Strike 1-1: DOUBLE (Line Drive, 7LM, EV 106.2 MPH) Jose Moncada scores Tommy Molinaro to third
|
|
Batting: RHB Ron Gooch
|
0-0: Ball 1-0: Foul Ball, location: 2F 1-1: Ball 2-1: Ball 3-1: Swinging Strike 3-2: Strikes out swinging
|
|
Batting: SHB Chris Rodgers
|
0-0: Ball 1-0: Ball 2-0: Foul Ball, location: 2F 2-1: Swinging Strike 2-2: Strikes out swinging
|
|
Batting: LHB Constant Consalvi
|
0-0: Ball 1-0: Ball 2-0: Ball 3-0: Called Strike 3-1: Called Strike 3-2: Ground out 5-3 (Groundball, 5L, EV 102.5 MPH)
|
| Top of the 3rd over - 1 run, 3 hits, 0 errors, 2 left on base; University of Minnesota 4 - University of Conneticut 0 |
| BOTTOM OF THE 3RD |
|
University of Conneticut Huskies batting - Pitching for University of Minnesota Golden Gophers : RHP Danny Colon
|
|
Batting: LHB Omar Alba
|
0-0: Called Strike 0-1: Fly out, F5 (Line Drive, 5, EV 68.8 MPH)
|
|
Batting: RHB Charlie Slayback
|
0-0: Called Strike 0-1: Swinging Strike 0-2: Ball 1-2: Strikes out swinging
|
|
Batting: LHB Bertil Ivens
|
0-0: Called Strike 0-1: Foul Ball, location: 2F 0-2: Ball 1-2: Foul Ball, location: 2F 1-2: Ground out U3 (Groundball, 34S, EV 84.4 MPH)
|
| Bottom of the 3rd over - 0 runs, 0 hits, 0 errors, 0 left on base; University of Minnesota 4 - University of Conneticut 0 |
| TOP OF THE 4TH |
|
University of Minnesota Golden Gophers batting - Pitching for University of Conneticut Huskies : RHP Hyun-kyoo Kim
|
|
Pitching: RHP Phil Hilton
|
|
|
Batting: RHB Jonathan Wallace
|
0-0: Foul Ball, location: 2F 0-1: Ball 1-1: Swinging Strike 1-2: Strikes out swinging
|
|
Batting: RHB Toshio Saiki
|
0-0: Ball 1-0: Ball 2-0: Called Strike 2-1: Ball 3-1: Base on Balls
|
|
Batting: RHB Mike Satterfield
|
0-0: Fielders Choice at 2nd, 6-4 (Groundball, 6, EV 101.9 MPH)
|
|
Pinch Hitting: RHB Jose Garrido
|
0-0: Called Strike 0-1: 2-RUN HOME RUN (Flyball, 8LXD, EV 113.1 MPH), Distance : 457 ft
|
|
Batting: RHB Tommy Molinaro
|
0-0: Foul Ball, location: 2F 0-1: Ball 1-1: Ground out 5-3 (Groundball, 56, EV 90.6 MPH)
|
| Top of the 4th over - 2 runs, 1 hit, 0 errors, 0 left on base; University of Minnesota 6 - University of Conneticut 0 |
| BOTTOM OF THE 4TH |
|
University of Conneticut Huskies batting - Pitching for University of Minnesota Golden Gophers : RHP Danny Colon
|
|
Now at 1B: Jose Garrido
|
|
|
Batting: RHB Jordan Nicholas
|
0-0: Ball 1-0: Ball 2-0: Foul Ball, location: 2F 2-1: Foul Ball, location: 2F 2-2: Foul Ball, location: 2F 2-2: Foul Ball, location: 2F 2-2: Ball 3-2: Strikes out swinging
|
|
Batting: RHB Victor Ramos
|
0-0: Ball 1-0: Called Strike 1-1: Foul Ball, location: 2F 1-2: Ball 2-2: Ball 3-2: Strikes out swinging, 2-3 out at first.
|
|
Batting: LHB Greg James
|
0-0: Foul Ball, location: 2F 0-1: SINGLE (Flyball, 56D, EV 88.1 MPH) - OUT at second base trying to stretch hit.
|
| Bottom of the 4th over - 0 runs, 1 hit, 0 errors, 0 left on base; University of Minnesota 6 - University of Conneticut 0 |
| TOP OF THE 5TH |
|
University of Minnesota Golden Gophers batting - Pitching for University of Conneticut Huskies : RHP Phil Hilton
|
|
Pinch Hitting: RHB Roy Evenden
|
0-0: Called Strike 0-1: Fly out, F8 (Flyball, 8LM, EV 75.6 MPH)
|
|
Pinch Hitting: RHB Farakiko Haunani
|
0-0: Swinging Strike 0-1: Called Strike 0-2: Strikes out swinging
|
|
Batting: SHB Chris Rodgers
|
0-0: Called Strike 0-1: Swinging Strike 0-2: Ball 1-2: Ball 2-2: Strikes out swinging
|
| Top of the 5th over - 0 runs, 0 hits, 0 errors, 0 left on base; University of Minnesota 6 - University of Conneticut 0 |
| BOTTOM OF THE 5TH |
|
University of Conneticut Huskies batting - Pitching for University of Minnesota Golden Gophers : RHP Danny Colon
|
|
Now at C: Josh Gifford
|
|
|
Now at 3B: Phil Bonner
|
|
|
Now at SS: Farakiko Haunani
|
|
|
Now in RF: Roy Evenden
|
|
|
Batting: RHB Jai De san miguel
|
0-0: Called Strike 0-1: Foul Ball, location: 2F 0-2: Ball 1-2: Ball 2-2: Ball 3-2: Strikes out swinging
|
|
Batting: RHB Roku Kawano
|
0-0: Called Strike 0-1: SINGLE (Groundball, 56D, EV 100.0 MPH)
|
|
Batting: LHB Jonathan Sica
|
0-0: Foul Ball, location: 2F 0-1: Foul Ball, location: 2F 0-2: Strikes out swinging
|
|
Batting: LHB Omar Alba
|
Pickoff Throw to First - Out! 1-3 CS
|
| Bottom of the 5th over - 0 runs, 1 hit, 0 errors, 0 left on base; University of Minnesota 6 - University of Conneticut 0 |
| TOP OF THE 6TH |
|
University of Minnesota Golden Gophers batting - Pitching for University of Conneticut Huskies : RHP Phil Hilton
|
|
Pitching: RHP Jean-François Michel
|
|
|
Now at C: Ju-yi Huang
|
|
|
Now in RF: Matt Reed
|
|
|
Pinch Hitting: RHB Dave Uttley
|
0-0: Called Strike 0-1: Foul Ball, location: 2F 0-2: Ball 1-2: Strikes out looking
|
|
Batting: LHB Phil Bonner
|
0-0: Foul Ball, location: 2F 0-1: SINGLE (Groundball, 4MD, EV 108.8 MPH)
|
|
Pinch Hitting: RHB Jian-zhang Zhào
|
0-0: SINGLE (Groundball, 6MD, EV 108.1 MPH) Phil Bonner to second Runner from 2nd tries for 3rd, OUT after rundown.
|
|
Batting: RHB Mike Satterfield
|
0-0: Swinging Strike 0-1: Foul Ball, location: 2F 0-2: Ball 1-2: Foul Ball, location: 2F 1-2: Strikes out swinging
|
| Top of the 6th over - 0 runs, 2 hits, 0 errors, 1 left on base; University of Minnesota 6 - University of Conneticut 0 |
| BOTTOM OF THE 6TH |
|
University of Conneticut Huskies batting - Pitching for University of Minnesota Golden Gophers : RHP Danny Colon
|
|
Now at 2B: Farakiko Haunani
|
|
|
Now at SS: Jian-zhang Zhào
|
|
|
Now in LF: Dave Uttley
|
|
|
Batting: LHB Omar Alba
|
0-0: Called Strike 0-1: Ball 1-1: Ball 2-1: Fly out, F6 (Popup, P, EV 78.8 MPH)
|
|
Batting: RHB Charlie Slayback
|
0-0: Called Strike 0-1: Fly out, F6 (Popup, 56D, EV 55.6 MPH)
|
|
Batting: LHB Bertil Ivens
|
0-0: Ball 1-0: Ball 2-0: Ground out 4-3 (Groundball, 4D, EV 85.0 MPH)
|
| Bottom of the 6th over - 0 runs, 0 hits, 0 errors, 0 left on base; University of Minnesota 6 - University of Conneticut 0 |
| TOP OF THE 7TH |
|
University of Minnesota Golden Gophers batting - Pitching for University of Conneticut Huskies : RHP Jean-François Michel
|
|
Now at 1B: Lee Wilbur
|
|
|
Batting: RHB Jose Garrido
|
0-0: Foul Ball, location: 2F 0-1: Foul Ball, location: 2F 0-2: Ball 1-2: Strikes out swinging
|
|
Batting: RHB Josh Gifford
|
0-0: Foul Ball, location: 2F 0-1: Ball 1-1: Foul Ball, location: 2F 1-2: Ball 2-2: Ball 3-2: Foul Ball, location: 2F 3-2: Base on Balls
|
|
Batting: RHB Roy Evenden
|
0-0: Ball 1-0: Fielders Choice at 2nd, 5-4 (Groundball, 5, EV 84.4 MPH)
|
|
Batting: RHB Farakiko Haunani
|
0-0: Ball Pickoff Throw to First - Error! E1 Roy Evenden to second 1-0: Ball 2-0: Fly out, F5 (Line Drive, 56, EV 68.8 MPH)
|
| Top of the 7th over - 0 runs, 0 hits, 1 error, 1 left on base; University of Minnesota 6 - University of Conneticut 0 |
| BOTTOM OF THE 7TH |
|
University of Conneticut Huskies batting - Pitching for University of Minnesota Golden Gophers : RHP Danny Colon
|
|
Pitching: RHP Bobby Rodriguez
|
|
|
Batting: RHB Jordan Nicholas
|
0-0: Foul Ball, location: 2F 0-1: Ball 1-1: DOUBLE (Groundball, 5L, EV 105.0 MPH)
|
|
Batting: RHB Victor Ramos
|
0-0: Called Strike 0-1: Called Strike Jordan Nicholas is caught stealing 3rd base 2-5 0-2: Strikes out looking
|
|
Batting: LHB Matt Reed
|
0-0: Called Strike 0-1: Ball 1-1: Ball 2-1: DOUBLE (Flyball, 8LD, EV 96.2 MPH)
|
|
Batting: RHB Jai De san miguel
|
0-0: Called Strike 0-1: Fly out, F7 (Flyball, 7S, EV 81.2 MPH)
|
| Bottom of the 7th over - 0 runs, 2 hits, 0 errors, 1 left on base; University of Minnesota 6 - University of Conneticut 0 |
| TOP OF THE 8TH |
|
University of Minnesota Golden Gophers batting - Pitching for University of Conneticut Huskies : RHP Jean-François Michel
|
|
Pitching: LHP Jesus Cordero
|
|
|
Pinch Hitting: RHB Chance Koehn
|
0-0: Ball 1-0: Foul Ball, location: 2F 1-1: Called Strike 1-2: Foul Ball, location: 2F 1-2: Foul Ball, location: 2F 1-2: Ball 2-2: Strikes out swinging
|
|
Batting: RHB Dave Uttley
|
0-0: Called Strike 0-1: Ball 1-1: Ball 2-1: Ball 3-1: Fly out, F6 (Popup, 6MS, EV 60.6 MPH)
|
|
Batting: LHB Phil Bonner
|
0-0: Called Strike 0-1: Called Strike 0-2: Strikes out looking
|
| Top of the 8th over - 0 runs, 0 hits, 0 errors, 0 left on base; University of Minnesota 6 - University of Conneticut 0 |
| BOTTOM OF THE 8TH |
|
University of Conneticut Huskies batting - Pitching for University of Minnesota Golden Gophers : RHP Bobby Rodriguez
|
|
Pitching: RHP Luis Ibarra
|
|
|
Now in CF: Chance Koehn
|
|
|
Batting: RHB Ju-yi Huang
|
0-0: Called Strike 0-1: Called Strike 0-2: Ball 1-2: Ball 2-2: Fly out, F6 (Popup, 6MD, EV 43.1 MPH)
|
|
Batting: RHB Lee Wilbur
|
0-0: Swinging Strike 0-1: Ball 1-1: Foul Ball, location: 2F 1-2: Single, Error in OF, E8, batter to second base (Line Drive, 8RS, EV 105.0 MPH)
|
|
Pinch Hitting: LHB Chris Grayson
|
0-0: Called Strike 0-1: Swinging Strike 0-2: Foul Ball, location: 2F 0-2: Ball 1-2: Ball 2-2: Strikes out looking
|
|
Batting: RHB Dave Cobos
|
0-0: Called Strike 0-1: Ground out 4-3 (Groundball, 4, EV 83.8 MPH)
|
| Bottom of the 8th over - 0 runs, 1 hit, 1 error, 1 left on base; University of Minnesota 6 - University of Conneticut 0 |
| TOP OF THE 9TH |
|
University of Minnesota Golden Gophers batting - Pitching for University of Conneticut Huskies : LHP Jesus Cordero
|
|
Pitching: RHP Hector Guerra
|
|
|
Now in CF: Chris Grayson
|
|
|
Batting: RHB Jian-zhang Zhào
|
0-0: Foul Ball, location: 2F 0-1: Swinging Strike 0-2: Ball 1-2: Ground out 6-3 (Groundball, 6, EV 79.4 MPH)
|
|
Batting: LHB Bobby Agterberg
|
0-0: Called Strike 0-1: Foul Ball, location: 2F 0-2: Ball 1-2: Foul Ball, location: 2F 1-2: Strikes out swinging
|
|
Pinch Hitting: RHB Ritter Naehr
|
0-0: Ball 1-0: Ball 2-0: Ball 3-0: Base on Balls
|
|
Pinch Hitting: LHB Gabe Cothron
|
0-0: Called Strike 0-1: Swinging Strike 0-2: Foul Ball, location: 2F 0-2: Ball 1-2: Strikes out looking
|
| Top of the 9th over - 0 runs, 0 hits, 0 errors, 1 left on base; University of Minnesota 6 - University of Conneticut 0 |
| BOTTOM OF THE 9TH |
|
University of Conneticut Huskies batting - Pitching for University of Minnesota Golden Gophers : RHP Luis Ibarra
|
|
Pitching: LHP Francisco Ortiz
|
|
|
Now at C: Jason Mooris
|
|
|
Now at 1B: Ritter Naehr
|
|
|
Pinch Hitting: LHB Noel Mcnatty
|
0-0: Ball 1-0: Called Strike 1-1: Called Strike 1-2: Ball 2-2: Fly out, F7 (Flyball, 78M, EV 90.6 MPH)
|
|
Batting: RHB Jordan Nicholas
|
0-0: Ball 1-0: SINGLE (Line Drive, 6MD, EV 96.2 MPH)
|
|
Batting: RHB Victor Ramos
|
0-0: Ball 1-0: Fly out, F4 (Popup, 4, EV 73.8 MPH)
|
|
Pinch Hitting: RHB Matthew Lanford
|
0-0: Fly out, F7 (Flyball, 7S, EV 95.0 MPH)
|
| Bottom of the 9th over - 0 runs, 1 hit, 0 errors, 1 left on base; University of Minnesota 6 - University of Conneticut 0 |
|